 Dungeon Crawl Stone Soup version 0.22-a0-422-g9628fc8 (webtiles) character file.

537 DasRunzen the Stinger (level 7, -1/52 HPs)
             Began as a Merfolk Venom Mage on May 18, 2018.
             Was an Initiate of Cheibriados.
             Slain by a phantom (8 damage)
             ... on level 5 of the Dungeon.
             The game lasted 00:24:01 (3942 turns).

DasRunzen the Stinger (Merfolk Venom Mage)          Turns: 3942, Time: 00:24:02

Health: -1/52      AC:  3    Str: 10    XL:     7   Next: 25%
Magic:  21/21      EV: 20    Int: 17    God:    Cheibriados [......]
Gold:   157        SH:  4    Dex: 20    Spells: 9/12 levels left

rFire    . . .     SeeInvis .   p - +3 war axe (freeze)
rCold    . . .     Gourm    .   (no shield)
rNeg     . . .     Faith    .   q - +0 robe {MR+}
rPois    .         Spirit   .   (no helmet)
rElec    .         Reflect  +   (no cloak)
rCorr    .         Harm     .   (no gloves)
MR       +....                  m - +0 pair of boots
Stlth    ++++......             k - +4 amulet of reflection
HPRegen  0.17/turn              b - ring of magical power
MPRegen  0.17/turn              (no ring)

@: agile, flying, hasted, quick
A: change form in water, swift swim, stealthy swim
a: Bend Time, Renounce Religion


You were on level 5 of the Dungeon.
You worshipped Cheibriados.
Cheibriados was noncommittal.
You were not hungry.

You visited 1 branch of the dungeon, and saw 5 of its levels.

You collected 157 gold pieces.

Inventory:

Hand Weapons
 n - a +0 trident
 p - a +3 war axe of freezing (weapon)
Armour
 a - a +0 robe
 m - a +0 pair of boots (worn)
 q - a +0 robe of magic resistance (worn)
Jewellery
 b - a ring of magical power (left hand)
 k - a +4 amulet of reflection (around neck)
Scrolls
 d - 9 scrolls of identify
 f - 4 scrolls of remove curse
 o - a scroll of teleportation {unknown}
Potions
 e - a potion of berserk rage
 h - a potion of haste
 i - a potion of agility
Comestibles
 c - 8 rations


   Skills:
 + Level 3.1 Fighting
 + Level 0.5 Polearms
 + Level 4.8 Dodging
 + Level 4.3 Stealth
 + Level 3.3 Spellcasting
 - Level 0.7 Conjurations
 * Level 5.4 Poison Magic
 + Level 0.3 Invocations


You had 9 spell levels left.
You knew the following spells:

 Your Spells              Type           Power        Failure   Level  Hunger
a - Sting                 Conj/Pois      ##..         4%          1    None
b - Poisonous Vapours     Pois/Air       ##....       9%          2    ##.....

Your spell library contained the following spells:

 Spells                   Type           Power        Failure   Level  Hunger
 Apportation              Tloc           #.....       17%         1    None
 Mephitic Cloud           Conj/Pois/Air  #.......     22%         3    ###....
 Venom Bolt               Conj/Pois      ##........   80%         5    ######.
 Olgreb's Toxic Radiance  Pois           ###.....     19%         4    ####...
 Summon Small Mammal      Summ           #...         17%         1    None
 Animate Skeleton         Necr           N/A          17%         1    None
 Confusing Touch          Hex            #.....       17%         1    None


Dungeon Overview and Level Annotations

Branches:
Dungeon (5/15)
 Temple: D:4-7

Altars:
Cheibriados
Trog

Annotations:
D:3 Grinder


Message History

The phantom is severely damaged.
The phantom misses you.
You closely miss the phantom.
The phantom is severely damaged.
The phantom blinks!
You hit the phantom but do no damage.
The phantom is severely damaged.
The phantom misses you.
You closely miss the phantom.
The phantom is severely damaged.
The phantom hits you!
* * * LOW HITPOINT WARNING * * *
The phantom blinks!
You hit the phantom.
The phantom is almost destroyed.
The phantom misses you.
You closely miss the phantom.
The phantom is severely damaged.
The phantom hits you!
You die...

#......###.##
#...........######
####.##.....##...#
#..#.....##...#
##.#.....##...#
#.......##...######
##......++.........
#......##...#####.
#.###+###@...#
########..##.#
#W...#
...........#.#
#.##.#
'########.##.# #.#
... ..# #...(..#.#
#.# #### ..#
#....).#.# #.# ..#
#........###.#####
..#
#.....)..........#
.##
#.......>........#


You could see a phantom.

Vanquished Creatures
  Blork the orc (D:5)
  A crimson imp (D:5)
  3 hounds
  An orc priest (D:4)
  5 worker ants
  A worker ant zombie (D:5)
  4 gnolls (D:2)
  6 adders
  An adder zombie (D:5)
  2 worms
  3 dart slugs
  3 leopard geckos
  8 orcs
  5 giant cockroaches
  3 goblins
  6 hobgoblins
  2 jackals (D:2)
  4 kobolds
  A quokka (D:2)
  3 ball pythons
  A ball python skeleton (D:4)
  3 bats
  15 frilled lizards
  A giant cockroach zombie (D:5)
  A leopard gecko skeleton (D:5)
  7 rats
91 creatures vanquished.

Notes
Turn   | Place    | Note
-------+----------+-------------------------------------------
     0 | D:1      | DasRunzen the Merfolk Venom Mage began the quest for the Orb.
     0 | D:1      | Reached XP level 1. HP: 13/13 MP: 3/3
   108 | D:1      | Reached XP level 2. HP: 12/20 MP: 4/5
   318 | D:1      | Reached skill level 1 in Fighting
   417 | D:1      | Reached XP level 3. HP: 25/26 MP: 6/6
  1283 | D:2      | Reached XP level 4. HP: 32/32 MP: 7/7
  1631 | D:3      | Reached skill level 4 in Poison Magic
  1635 | D:3      | Reached XP level 5. HP: 29/38 MP: 9/9
  1646 | D:3      | Learned a level 2 spell: Poisonous Vapours
  1676 | D:3      | Noticed Grinder
  2216 | D:4      | Reached XP level 6. HP: 46/46 MP: 10/10
  2783 | D:4      | Found a bloodstained altar of Trog.
  3381 | D:5      | Entered Level 5 of the Dungeon
  3406 | D:5      | Reached skill level 5 in Poison Magic
  3611 | D:5      | Noticed Blork the orc
  3617 | D:5      | Killed Blork the orc
  3617 | D:5      | Reached XP level 7. HP: 49/52 MP: 7/11
  3637 | D:5      | Found a snail-covered altar of Cheibriados.
  3658 | D:5      | Became a worshipper of Cheibriados the Contemplative
  3942 | D:5      | Slain by a phantom

Vault maps used:
D:1:      dpeg_arrival_castle
D:2:      first_ration, kennysheep_donut, minmay_lizard_pond
D:3:      chequers_ecumenical_altar_lobes, minmay_misc_feat_alley, st_stairs_1,
          uniq_natasha, uniq_grinder
D:4:      trog_book
D:5:      minitemple, basic_altar, hangedman_decor_slide_cut, uniq_blork_the_orc

Skill      XL: |  1  2  3  4  5  6 |
---------------+-------------------+-----
Dodging        | 3 4 |  4.8
Fighting       | 1 2 3 |  3.1
Stealth        | 3 4 |  4.3
Poison Magic   | 4 5 |  5.4
Spellcasting   | 3 |  3.3
Polearms       | |  0.5
Conjurations   | |  0.7
Invocations    | |  0.3

Action                   |  1- 3 |  4- 6 |  7- 9 || total
-------------------------+-------+-------+-------++-------
Melee: Unarmed           |    12 |    87 |       ||    99
       Mace              |       |     5 |       ||     5
       War axe           |       |       |    44 ||    44
 Cast: Sting             |    76 |    61 |       ||   137
       Poisonous Vapours |       |    38 |     3 ||    41
  Use: Scroll            |       |     3 |       ||     3
       Potion            |       |       |     5 ||     5
 Stab: Sleeping          |       |       |     1 ||     1
  Eat: Chunk             |     2 |    10 |     2 ||    14
Armor: Robe              |     5 |     9 |     6 ||    20
Dodge: Dodged            |    21 |    99 |    31 ||   151
Block: Other             |       |    20 |     6 ||    26

Table legend:
 A = Spawn XP
 B = Non-spawn XP
 C = Spawn XP percentage of total XP
 D = Spawn monster count
 E = Non-spawn monster count
 F = Spawn count percentage of total count
 G = Total turns spent on level
                    A         B        C        D         E        F      G
               +---------+---------+-------+---------+---------+-------+---------
         Total |       0 |     768 |   0.0 |       0 |      91 |   0.0 |  3942
               +---------+---------+-------+---------+---------+-------+---------
           D:1 |       0 |      35 |   0.0 |       0 |      19 |   0.0 |   634
           D:2 |       0 |     102 |   0.0 |       0 |      31 |   0.0 |  1150
           D:3 |       0 |      70 |   0.0 |       0 |      12 |   0.0 |   300
           D:4 |       0 |     288 |   0.0 |       0 |      16 |   0.0 |  1378
           D:5 |       0 |     273 |   0.0 |       0 |      13 |   0.0 |   480
               +---------+---------+-------+---------+---------+-------+---------
